 Dungeon Crawl Stone Soup version 0.29-a0-378-gc08b2e8bf8 (webtiles) character file.

Game seed: 11983366748547648818

476 Hubjo the Magician (level 6, 0/37 HPs)
             Began as a Deep Elf Fire Elementalist on May 4, 2022.
             Killed by miscasting Flame Wave (15 damage)
             ... on level 5 of the Dungeon.
             The game lasted 00:08:00 (5293 turns).

Hubjo the Magician (Deep Elf Fire Elementalist)     Turns: 5293, Time: 00:08:00

Health: 0/37       AC:  3    Str:  7    XL:     6   Next: 85%
Magic:  11/15      EV: 12    Int: 20    God:
Gold:   336        SH:  5    Dex: 15    Spells: 10/15 levels left

rFire   . . .      SeeInvis +   u - +4 falchion (holy)
rCold   . . .      Faith    .   (no shield)
rNeg    . . .      Spirit   .   a - +0 robe
rPois   .          Reflect  +   t - +0 helmet {SInv}
rElec   .          Harm     .   (no cloak)
rCorr   .          Rampage  .   (no gloves)
Will    .....                   (no boots)
Stlth   +++.......              d - amulet of reflection
HPRegen 0.12/turn               (no ring)
MPRegen 0.14/turn               (no ring)

@: lethally poisoned (0 -> -2), very slightly contaminated
A: inability to use devices
a: no special abilities


You were on level 5 of the Dungeon.
You visited 1 branch of the dungeon, and saw 5 of its levels.

You collected 336 gold pieces.

Inventory:

Hand Weapons
 i - a +0 short sword
 n - a +0 hand axe of freezing
 u - a +4 falchion of holy wrath (weapon)
 w - a +4 whip
Missiles
 l - a throwing net
Armour
 a - a +0 robe (worn)
 t - a +0 helmet of see invisible (worn)
Jewellery
 d - an amulet of reflection (around neck)
Scrolls
 e - a scroll of summoning
 f - a scroll of immolation
 g - a scroll of vulnerability
 h - a scroll of amnesia {unknown}
 o - 2 scrolls of blinking
 p - a scroll of teleportation {unknown}
 r - a scroll of brand weapon {unknown}
 s - a scroll of identify
Potions
 b - a potion of magic
 c - a potion of brilliance {unknown}
 j - a potion of haste {unknown}
 k - a potion of attraction {unknown}
 m - 2 potions of curing
 q - a potion of might {unknown}
 v - 2 potions of heal wounds {unknown}


   Skills:
 * Level 3.5 Fighting
 - Level 2.4 Dodging
 + Level 4.8 Stealth
 + Level 5.1 Spellcasting
 - Level 1.1 Conjurations
 + Level 4.8 Fire Magic


You had 10 spell levels left.
You knew the following spells:

 Your Spells              Type           Power      Damage    Failure   Level
a - Foxfire               Conj/Fire      64%        2x1d7     3%          1
b - Flame Wave            Conj/Fire      16%        2d6       34%         4

Your spell library contained the following spells:

 Spells                   Type           Power      Damage    Failure   Level
 Scorch                   Fire           48%        2d7       2%          2
 Conjure Flame            Conj/Fire      16%        6-21      11%         3
 Inner Flame              Hex/Fire       14%        N/A       13%         3
 Call Canine Familiar     Summ           5%         N/A       34%         3
 Gell's Gravitas          Tloc           5%         N/A       34%         3
 Lesser Beckoning         Tloc           5%         N/A       34%         3
 Portal Projectile        Hex/Tloc       10%        N/A       34%         3
 Teleport Other           Tloc           5%         N/A       34%         3
 Leda's Liquefaction      Hex/Erth       2%         N/A       75%         4


Dungeon Overview and Level Annotations

Branches:
Dungeon (5/15)
 Temple: D:4-7

Altars:
Ru

Portals:
Sewer: D:5


Innate Abilities, Weirdness & Mutations

You cannot study or use magical devices.


Message History

The adder barely misses you.
You hit the adder.
The adder is moderately wounded.
You hear the rusting of a drain.
The adder barely misses you. The adder bites you.
You hit the adder.
The adder is severely wounded.
The adder barely misses you.
You hit the adder.
You kill the adder!
The adder bites you.
You miss the adder. The adder bites you.
You are poisoned.
The adder poisons you! You block the adder's attack.
You miss the adder.
You feel sick. The adder closely misses you.
You miss the adder.
You feel sick. The adder misses you. The adder bites you.
You are more poisoned.
The adder poisons you!
You slash the adder!
The adder is severely wounded.
You feel sick. The adder bites you but does no damage.
The adder completely misses you.
You closely miss the adder.
The adder is severely wounded.
You feel sick. You block the adder's attack. The adder bites you.
You hit the adder.
The adder is almost dead.
You feel sick. The adder bites you but does no damage.
You barely miss the adder.
The adder is almost dead.
You feel sick. The adder bites you. x2
Casting: Flame Wave (extremely dangerous; 34% risk of failure)
Confirm with . or Enter, or press ? or * to list all spells.
The spell is extremely dangerous to miscast (34% risk of failure)!
Continue anyway?
Casting: Flame Wave (extremely dangerous; 34% risk of failure)
Press: ? - help, Dir - look around, f - activate You miscast Flame Wave.
You are very lightly contaminated with residual magic.
You are blasted with fire!
You die...

.. ..## .[..##
#.....############
#.......#...SS@.#
#........##'##.#
#....÷...#≈≈≈#.#.
##....)..#≈≈≈#...
##......#≈∩≈#.###
##.....#≈≈≈#.#
##....#≈≈≈#.#
##..)#####.#
##.)......#


You could see 2 adders.

Vanquished Creatures
  A water moccasin (D:5)
  An ogre (D:4)
  A jelly (D:4)
  An orc priest (D:5)
  4 orc wizards
  5 adders
  A worm (D:2)
  2 dart slugs
  7 orcs
  5 endoplasms
  3 giant cockroaches
  8 goblins
  3 hobgoblins
  6 kobolds
  7 quokkas
  7 ball pythons
  4 bats
  A frilled lizard (D:3)
  5 rats
72 creatures vanquished.

Vanquished Creatures (others)
  339 foxfires
339 creatures vanquished.

Grand Total: 411 creatures vanquished

Notes
Turn   | Place    | Note
-------+----------+-------------------------------------------
     0 | D:1      | Hubjo the Deep Elf Fire Elementalist began the quest for
                  | the Orb.
     0 | D:1      | Reached XP level 1. HP: 10/10 MP: 6/6
   268 | D:1      | Reached XP level 2. HP: 16/16 MP: 0/8
   625 | D:1      | Found a faded altar of an unknown god.
   702 | D:1      | Prayed at the altar of an unknown god.
   702 | D:1      | Became a worshipper of Ru the Awakened
   713 | D:1      | Gained mutation: You cannot study or use magical devices.
                  | [Ru sacrifice]
   713 | D:1      | Reached * piety under Ru
   713 | D:1      | Reached ** piety under Ru
   838 | D:1      | Reached skill level 1 in Fighting
  1453 | D:2      | Reached XP level 3. HP: 20/20 MP: 5/9
  3035 | D:3      | Reached XP level 4. HP: 26/26 MP: 6/11
  3725 | D:3      | Learned a level 4 spell: Flame Wave
  4178 | D:4      | Reached skill level 4 in Spellcasting
  4322 | D:4      | Reached XP level 5. HP: 30/30 MP: 8/13
  4660 | D:4      | Fell from the grace of Ru
  4761 | D:4      | Noticed an ogre
  4769 | D:4      | Killed an ogre
  4983 | D:5      | Entered Level 5 of the Dungeon
  4993 | D:5      | Found a glowing drain.
  4993 | D:5      | Noticed a water moccasin
  4999 | D:5      | Killed a water moccasin
  5000 | D:5      | Reached XP level 6. HP: 37/37 MP: 7/15
  5076 | D:5      | Reached skill level 5 in Spellcasting
  5293 | D:5      | Killed by miscasting Flame Wave

Illustrated notes

Levels and vault maps discovered:
D:1:      minmay_arrival_wavy_path, layout_loops_ring,
          hellmonk_ecumenical_altar_blasted, hangedman_glass_garden
D:2:      layout_loops_ring
D:3:      layout_loops_ring, nicolae_figureground_sparkle
D:4:      layout_basic, serial_rivers, chequers_serial_rivers_marsh,
          chequers_serial_rivers_room_b, chequers_serial_rivers_micro_c,
          chequers_serial_rivers_marsh, chequers_serial_rivers_marsh,
          chequers_serial_rivers_marsh
D:5:      layout_cave_pods, grunt_temple_overflow_cloverleaf, serial_glass,
          glass_columns_c, glass_columns_a, gup_sewer_entry_glass

Skill      XL: |  1  2  3  4  5  6 |
---------------+-------------------+-----
Fighting       | 1 2 3 |  3.5
Stealth        | 3 4 |  4.8
Spellcasting   | 4 5 |  5.1
Fire Magic     | 4 |  4.8
Dodging        | |  2.4
Conjurations   | |  1.1

Action                   |  1- 3 |  4- 6 || total
-------------------------+-------+-------++-------
Melee: Short sword       |       |    14 ||    14
       Falchion          |       |    26 ||    26
 Cast: Foxfire           |   147 |    83 ||   230
       Flame Wave        |       |     1 ||     1
Invok: Sacrifice Artific |     1 |       ||     1
       Renounce Religion |       |     1 ||     1
  Use: Scroll            |     3 |       ||     3
       Potion            |       |     1 ||     1
 Stab: Sleeping          |       |     2 ||     2
Armor: Robe              |     2 |     9 ||    11
Dodge: Dodged            |    14 |    37 ||    51
Block: Other             |     1 |    13 ||    14

Table legend: (Time is in decaauts)
 A = Elapsed time spent in this place.
 B = Non-inter-level travel time spent in this place.
 C = Inter-level travel time spent in this place.
 D = Time resting spent in this place.
 E = Time spent auto-exploring this place.
 F = Levels seen in this place.
 G = Mean time per level.
                   A        B        C        D        E       F      G
               +--------+--------+--------+--------+--------+-----+--------+
         Total |   5325 |   5178 |    147 |    312 |   4208 |   5 | 1065.0 |
       Dungeon |   5325 |   5178 |    147 |    312 |   4208 |   5 | 1065.0 |
               +--------+--------+--------+--------+--------+-----+--------+

Top non-repeatable levels by time:
     D:1: 1360 daAuts
     D:4: 1284 daAuts
     D:3: 1265 daAuts
     D:2: 1098 daAuts
     D:5: 316 daAuts
